 Dungeon Crawl Stone Soup version 0.31-a0-574-g69dc8cc98e (webtiles) character file.

Game seed: 10448606163894279086

6425 LobsterGuardian the Thaumaturge (level 11, -3/63 HPs)
             Began as a Djinni Air Elementalist on Aug 19, 2023.
             Was an Elder of Hepliaklqana.
             Slain by a wraith (11 damage)
             ... led by Josephine
             ... on level 10 of the Dungeon.
             The game lasted 00:22:17 (9528 turns).

LobsterGuardian the Thaumaturge (DjAE)              Turns: 9528, Time: 00:22:17

Health: -3/63      AC:  7    Str: 16    XL:     11   Next: 18%
Gold:   333        EV: 14    Int: 21    God:    Hepliaklqana [****..] SH:  0 Dex: 14

rFire   + + +        b - staff "Osik" {Fly rElec rN+ rCorr Str+3 Necro}
rCold   . . .        (no shield)
rNeg    + . .        A - +2 robe of the Sparrow {rF+ rC+}
rPois   ∞            k - +2 hat
rElec   +            x - scarf {shadows}
rCorr   +            m - +0 pair of gloves
SInv    .            (boots unavailable)
Will    +....        (no amulet)
Stlth   ++           h - +6 ring of strength
HPRegen 0.30/turn    s - +4 ring of slaying
MPRegen 0.00/turn

%: infuse magic (-4 HP)
@: mighty, flying, slowed, very slow
A: reduced essence, sickness immunity, fire resistance 2, cold vulnerability 1,
float, innate caster, HP casting, extra vitality 1, MP-powered wands
a: Renounce Religion, Recall Ancestor, Ancestor Identity, Transference, Idealise


You were on level 10 of the Dungeon.
You worshipped Hepliaklqana.
Hepliaklqana was greatly pleased with you.
You visited 2 branches of the dungeon, and saw 11 of its levels.

You collected 525 gold pieces.
You spent 192 gold pieces at shops.

Inventory:

Missiles
 y - 3 throwing nets
Armour
 k - a +2 hat (worn)
 m - a +0 pair of gloves (worn)
 x - a scarf of shadows (worn)
 A - the +2 robe of the Sparrow (worn) {rF+ rC+}
   (You found it on level 8 of the Dungeon)

   rF+:       It protects you from fire.
   rC+:       It protects you from cold.
Magical Staves
 b - the staff "Osik" (weapon) {Fly rElec rN+ rCorr Str+3 Necro}
   (You acquired it on level 1 of the Dungeon)

   [staff of death]

   Base accuracy: +5 Base damage: 5 Base attack delay: 1.2 This weapon's minimum
   attack delay (0.6) is reached at skill level 12.
   Str+3:     It affects your strength (+3).
   rElec:     It insulates you from electricity.
   rN+:       It protects you from negative energy.
   Fly:       It grants you flight.
   rCorr:     It protects you from acid and corrosion.
   Necro:     It increases the power of your Necromancy spells.
   It falls into the 'Staves' category.
   It is a one-handed weapon.
Jewellery
 h - a +6 ring of strength (left hand)
 s - a +4 ring of slaying (right hand)
 z - a ring of see invisible
Wands
 e - a wand of quicksilver (10)
 v - a wand of roots (7)
Scrolls
 f - a scroll of fog {unknown}
 g - 3 scrolls of teleportation {unknown}
 i - a scroll of torment {unknown}
 l - a scroll of revelation
 o - a scroll of blinking {unknown}
 r - 2 scrolls of poison
 u - a scroll of brand weapon {unknown}
 w - a scroll of amnesia {unknown}
Potions
 a - 3 potions of mutation
 d - a potion of enlightenment
 j - 2 potions of heal wounds {unknown}
 n - a potion of brilliance
 p - a potion of might
 q - a potion of curing {unknown}
 t - a potion of haste


   Skills:
 + Level 2.6 Fighting
 + Level 3.5 Staves
 + Level 4.1 Armour
 + Level 5.6 Dodging
 - Level 2.0 Stealth
 * Level 9.5 Spellcasting
 * Level 9.5 Conjurations
 * Level 9.5 Hexes
 * Level 9.5 Summonings
 * Level 9.5 Necromancy
 * Level 9.5 Translocations
 * Level 9.5 Transmutations
 * Level 9.5 Fire Magic
 * Level 9.5 Ice Magic
 * Level 9.5 Air Magic
 * Level 9.5 Earth Magic
 * Level 9.5 Poison Magic
 - Level 5.0 Invocations
 - Level 5.0 Evocations


You knew the following spells:

 Your Spells              Type           Power      Damage    Failure   Level
a - Shock                 Conj/Air       100%       1d9       1%          1
b - Static Discharge      Conj/Air       100%       2-7/arc   1%          2
c - Swiftness             Air            50%        N/A       1%          3
d - Airstrike             Air            25%        2d(4-20)  1%          4
e - Necrotise             Necr           100%       1d9       1%          1
f - Call Imp              Summ           100%       N/A       1%          2
g - Searing Ray           Conj           100%       2d8       1%          2
h - Fulminant Prism       Conj/Hex       25%        3d13      1%          4
i - Cause Fear            Hex            25%        N/A       1%          4
Your spell library was empty.

Dungeon Overview and Level Annotations

Branches:
Dungeon (10/15)            Temple (1/1) D:4             Orc (0/2) D:9
   Lair: D:8-11

Altars:
Ashenzari
Cheibriados
Dithmenos
Elyvilon
Fedhas
Gozag
Hepliaklqana
Makhleb
Nemelex Xobeh
Okawaru
Qazlal
Ru
Trog
Uskayaw
Wu Jian
Xom
Yredelemnul
Zin
The Shining One

Shops:
D:4 !   D:5 =

Annotations:
D:10 Josephine


Innate Abilities, Weirdness & Mutations

Your life essence is reduced to manifest your ancestor. (-10% HP)
You are immune to sickness and miasma.
You are immune to poison.
Your flesh is very heat resistant. (rF++)
You are vulnerable to cold. (rC-)
You float through the air rather than walking.
You learn spells naturally, not from books.
Your magical power is your life essence.
You have superior vitality. (+4 MHP)
You expend health (3 HP) to strengthen your wands.


Message History

Aiming: Airstrike (dangerous; 1% risk of failure)
Press: ? - help, Dir - move target, f/p - wraith
Aim: a wraith (heavily damaged, empty space bonus: 7/8)
The air twists around and strikes the wraith.
The wraith is severely damaged.
Josephine the Decaying Necromancer comes into view.
She is wielding a +0 dagger and wearing a +0 robe of fire resistance.
You hit the wraith but do no damage.
The wraith is severely damaged.
Brogan barely misses the wraith.
The wraith hits you! The wraith drains your vigour!
You feel yourself slow down.
You hit the wraith.
The wraith is almost destroyed.
The wraith misses you. The wraith closely misses you.
The wraith barely misses you.
Casting: Airstrike (dangerous; 1% risk of failure)
Confirm with . or Enter, or press ? or * to list all spells.
Casting: Cause Fear (dangerous; 1% risk of failure)
Press: ? - help, Dir - look around, f - activate Josephine looks frightened!
The wraith is unaffected. x2
* * * LOW HITPOINT WARNING * * *
Brogan hits the wraith with a +0 flail.
The wraith closely misses you. The wraith hits you!
* * * LOW HITPOINT WARNING * * *
The wraith drains your vigour!
You feel as though you will be slow longer.
It was a potion of might.
You feel very mighty all of a sudden.
Brogan hits the wraith but does no damage.
The wraith barely misses you. The wraith closely misses you. x2
The wraith barely misses you.
You hit the wraith!
You destroy the wraith!
Brogan hits the wraith but does no damage.
Brogan blocks the wraith's attack.
You hit the wraith!
The wraith is heavily damaged.
Brogan hits the wraith with a +0 flail.
The wraith barely misses you.
A wraith comes into view.
The wraith hits you!
You die...

#.. #). #. #)#
# #.##.#
#.#.##)#
#.#.##.#
#.#.##'####
#..W..RW..#
#.......@.#
#.........#
#.........#
#.........#
#####.........#
#..........####
###########
#..........#
#..........
#..........#
#..........
#.........##
#.........


You could see the friendly Brogan the knight and 2 wraiths.

Vanquished Creatures
  A troll (D:10)
  A shadow (D:10)
  2 yaks (D:10)
  A wraith (D:10)
  2 steam dragons
  3 vampire mosquitoes (D:9)
  2 water moccasins
  An ice beast (D:6)
  2 orc warriors
  3 black bears
  A sky beast (D:8)
  2 ogres
  3 wolves (D:10)
  3 centaurs (D:9)
  A phantom (D:7)
  A kobold brigand (D:8)
  A bullfrog (D:8)
  6 scorpions
  7 wights
  6 killer bees (D:8)
  2 howler monkeys
  5 electric eels (D:6)
  3 orc priests
  3 gnoll boudas
  A hound (D:5)
  Ijyb (D:5)
  3 iguanas
  Natasha (thrice) (D:2)
  7 orc wizards
  16 gnolls
  12 adders
  2 shadow imps
  2 white imps (D:6)
  An ufetubus (D:5)
  3 dart slugs
  20 orcs
  9 bats
  5 endoplasms
  2 giant cockroaches
  25 goblins
  20 hobgoblins
  5 quokkas
  5 ball pythons
  2 frilled lizards
  14 kobolds
  A rat (D:1)
221 creatures vanquished.

Vanquished Creatures (collateral kills)
  A yak (D:10)
  A shadow (D:9)
  2 water moccasins (D:7)
  A sky beast (D:7)
  A centaur (D:8)
  A kobold brigand (D:7)
  2 bullfrogs (D:8)
  A howler monkey (D:9)
  A hound (D:6)
  5 gnolls
  An adder (D:5)
  A white imp (D:6)
  A worm (D:3)
  6 orcs
  7 goblins (D:6)
  4 hobgoblins (D:6)
  A kobold (D:4)
  A rat (D:3)
38 creatures vanquished.

Vanquished Creatures (others)
  3 ancestors
  2 fulminant prisms (D:7)
5 creatures vanquished.

Grand Total: 264 creatures vanquished

Notes
Turn   | Place    | Note
-------+----------+-------------------------------------------
     0 | D:1      | LobsterGuardian the Djinni Air Elementalist began the quest
                  | for the Orb.
     0 | D:1      | LobsterGuardian set off with the following spells
                  | memorised: Shock, Static Discharge, Swiftness, Airstrike.
     0 | D:1      | Reached XP level 1. HP: 15/15 MP: 0/0
   111 | D:1      | Reached XP level 2. HP: 15/21 MP: 0/0
   651 | D:1      | Reached XP level 3. HP: 21/25 MP: 0/0
   651 | D:1      | Learned a level 1 spell: Necrotise
   832 | D:1      | Identified a scroll of acquirement
   833 | D:1      | Acquired the staff "Osik" {Fly rElec rN+ rCorr Str+3 Necro}
  1135 | D:2      | Noticed Natasha
  1143 | D:2      | Killed Natasha
  1144 | D:2      | Reached skill level 1 in Evocations
  1144 | D:2      | Reached XP level 4. HP: 20/31 MP: 0/0
  1325 | D:2      | Noticed Natasha
  1331 | D:2      | Killed Natasha
  1446 | D:2      | Noticed Natasha
  1456 | D:2      | Killed Natasha
  1457 | D:2      | Reached XP level 5. HP: 31/35 MP: 0/0
  1457 | D:2      | Learned a level 2 spell: Call Imp
  2232 | D:3      | Reached XP level 6. HP: 37/40 MP: 0/0
  2277 | D:3      | Found an opulent altar of Gozag.
  2496 | D:4      | Found a hazy altar of Hepliaklqana.
  2558 | D:4      | Gained mutation: You do not regenerate when monsters are
                  | visible. [potion of mutation]
  2633 | D:4      | Found a shadowy altar of Dithmenos.
  2779 | D:4      | Found a staircase to the Ecumenical Temple.
  2823 | Temple   | Entered the Ecumenical Temple
  2841 | D:4      | Became a worshipper of Hepliaklqana the Forgotten
  2939 | D:4      | Found Mufegeil's Distillery.
  3158 | D:4      | Noticed a black bear
  3176 | D:4      | Killed a black bear
  3177 | D:4      | Reached XP level 7. HP: 42/46 MP: 0/0
  3177 | D:4      | Learned a level 2 spell: Searing Ray
  3258 | D:4      | Found a sparkling altar of Nemelex Xobeh.
  3364 | D:5      | Entered Level 5 of the Dungeon
  3369 | D:5      | Reached skill level 1 in Staves
  3369 | D:5      | Reached skill level 1 in Armour
  3632 | D:4      | Bought 2 potions of mutation for 192 gold pieces
  3632 | D:4      | Lost mutation: You do not regenerate when monsters are
                  | visible. [potion of mutation]
  3632 | D:4      | Gained mutation: You expend health (3 HP) to strengthen
                  | your wands. [potion of mutation]
  3703 | D:5      | Reached skill level 1 in Fighting
  3825 | D:5      | Reached * piety under Hepliaklqana
  3875 | D:5      | Reached XP level 8. HP: 44/46 MP: 0/0
  3947 | D:5      | Noticed Ijyb
  3949 | D:5      | Reached skill level 5 in Spellcasting
  3949 | D:5      | Reached skill level 5 in Conjurations
  3949 | D:5      | Reached skill level 5 in Hexes
  3949 | D:5      | Reached skill level 5 in Summonings
  3949 | D:5      | Reached skill level 5 in Necromancy
  3949 | D:5      | Reached skill level 5 in Translocations
  3949 | D:5      | Reached skill level 5 in Transmutations
  3949 | D:5      | Reached skill level 5 in Fire Magic
  3949 | D:5      | Reached skill level 5 in Ice Magic
  3949 | D:5      | Reached skill level 5 in Air Magic
  3949 | D:5      | Reached skill level 5 in Earth Magic
  3949 | D:5      | Reached skill level 5 in Poison Magic
  3949 | D:5      | Reached skill level 5 in Evocations
  3952 | D:5      | Killed Ijyb
  3952 | D:5      | HP: 2/46 [spore (12)]
  4168 | D:5      | Found Jainn's Jewellery Shoppe.
  4211 | D:5      | Found a broken altar of Ashenzari.
  4708 | D:6      | Reached XP level 9. HP: 51/51 MP: 0/0
  4708 | D:6      | Learned a level 4 spell: Fulminant Prism
  4986 | D:6      | Reached ** piety under Hepliaklqana
  4988 | D:6      | Remembered your ancestor Brogan as a knight
  5124 | D:6      | Reached skill level 1 in Invocations
  6576 | D:7      | Found a glowing golden altar of the Shining One.
  6588 | D:7      | Reached XP level 10. HP: 55/57 MP: 0/0
  6698 | D:7      | Found a stormy altar of Qazlal.
  6843 | D:7      | Found a shimmering altar of Xom.
  6867 | D:8      | Reached *** piety under Hepliaklqana
  7128 | D:8      | Reached skill level 5 in Dodging
  7128 | D:8      | Reached skill level 5 in Invocations
  7558 | D:8      | Identified the +2 robe of the Sparrow {rF+ rC+}
  7835 | D:8      | Found a glowing silver altar of Zin.
  8221 | D:9      | Found a sacrificial altar of Ru.
  8553 | D:9      | Found an ornate altar of the Wu Jian Council.
  8742 | D:9      | Reached **** piety under Hepliaklqana
  8905 | D:9      | Found a staircase to the Orcish Mines.
  9123 | D:10     | Entered Level 10 of the Dungeon
  9151 | D:10     | Reached XP level 11. HP: 53/62 MP: 0/0
  9151 | D:10     | Learned a level 4 spell: Cause Fear
  9522 | D:10     | Noticed Josephine
  9528 | D:10     | Slain by a wraith

Illustrated notes

Levels and vault maps discovered:
D:1:      dpeg_arrival_more_subterranean_lakeside_camping, layout_basic
D:2:      layout_basic, palyth_stone_intersect, hex_intersection, uniq_natasha
D:3:      layout_loops_ring, mainiacjoe_overflow_alcove_4, hangedman_decor_push,
          serial_park_tiny_pond
D:4:      layout_loops_ring, mainiacjoe_overflow_surrounded_room,
          lemuel_doored_altar, nemelex_xobeh_ov_fountains_minmay,
          minmay_temple_entry_enclosed_plants, serial_shops, shop
D:5:      layout_rooms, mainiacjoe_overflow_brackets, serial_shops,
          kennysheep_little_box, hangedman_decor_growths, uniq_ijyb
D:6:      minmay_goblin_kobold_castle, layout_basic
D:7:      layout_cave_pools, mainiacjoe_overflow_large_starburst,
          marbit_many_paths, mainiacjoe_overflow_chevrons, nicolae_the_louvre
D:8:      layout_cave_pods, kennysheep_mini
D:9:      layout_long_grid, mainiacjoe_overflow_alcove_2,
          pdpol_wu_jian_five_deadly_venoms, orc_0_dummy
D:10:     kennysheep_kobold_lugonu_temple, layout_basic, uniq_lodul,
          uniq_josephine, uniq_grum, uniq_snorg
Temple:   chequers_temple_sunken

Skill      XL: |  1  2  3  4  5  6  7  8  9 10 |
---------------+-------------------------------+-----
Spellcasting   | 4 5 6 9 |  9.5
Conjurations   | 4 5 6 9 |  9.5
Hexes          | 4 5 6 9 |  9.5
Summonings     | 4 5 6 9 |  9.5
Necromancy     | 4 5 6 9 |  9.5
Translocations | 4 5 6 9 |  9.5
Transmutations | 4 5 6 9 |  9.5
Fire Magic     | 4 5 6 9 |  9.5
Ice Magic      | 4 5 6 9 |  9.5
Air Magic      | 4 5 6 9 |  9.5
Earth Magic    | 4 5 6 9 |  9.5
Poison Magic   | 4 5 6 9 |  9.5
Stealth        | 2 |  2.0
Dodging        | 3 4 5 |  5.6
Evocations     | 1 2 3 4 5 |  5.0
Staves         | 1 3 |  3.5
Armour         | 2 3 4 |  4.1
Fighting       | 1 2 |  2.6
Invocations    | 4 5 |  5.0

Action                     |  1- 3 |  4- 6 |  7- 9 | 10-12 || total
---------------------------+-------+-------+-------+-------++-------
  Melee: Staff             |       |    29 |    70 |    19 ||   118
         Punch             |       |       |     1 |       ||     1
   Cast: Shock             |    42 |       |   132 |    90 ||   264
         Necrotise         |    13 |    63 |    57 |     1 ||   134
         Call Imp          |       |     3 |     2 |     1 ||     6
         Searing Ray       |       |       |    11 |     7 ||    18
         Static Discharge  |       |       |     9 |       ||     9
         Airstrike         |       |       |     4 |    31 ||    35
         Fulminant Prism   |       |       |     2 |       ||     2
         Cause Fear        |       |       |       |     3 ||     3
 Invoke: Ancestor Identity |       |       |     1 |       ||     1
         Ancestor Life: Kn |       |       |     1 |       ||     1
    Use: Scroll            |     3 |     3 |     4 |     2 ||    12
         Potion            |       |     1 |     5 |     1 ||     7
   Stab: Sleeping          |       |     1 |       |       ||     1
         Distracted        |       |       |     2 |       ||     2
 Armour: Robe              |     3 |       |       |     7 ||    10
         Leather armour    |       |     5 |    36 |     2 ||    43
         Skin              |       |       |    27 |       ||    27
  Dodge: Dodged            |    14 |    26 |    88 |    42 ||   170

Table legend: (Time is in decaauts)
 A = Elapsed time spent in this place.
 B = Non-inter-level travel time spent in this place.
 C = Inter-level travel time spent in this place.
 D = Time resting spent in this place.
 E = Time spent auto-exploring this place.
 F = Levels seen in this place.
 G = Mean time per level.
                   A        B        C        D        E       F      G
               +--------+--------+--------+--------+--------+-----+--------+
         Total |   9548 |   9088 |    460 |      1 |   7849 |  11 |  868.0 |
       Dungeon |   9546 |   9088 |    458 |      1 |   7849 |  10 |  954.6 |
        Temple |      1 |      0 |      1 |      0 |      0 |   1 |    1.0 |
               +--------+--------+--------+--------+--------+-----+--------+

Top non-repeatable levels by time:
     D:6: 1756 daAuts
     D:9: 1170 daAuts
     D:8: 1088 daAuts
     D:4: 1042 daAuts
     D:2: 891 daAuts
     D:1: 861 daAuts
     D:5: 837 daAuts
     D:3: 795 daAuts
     D:7: 695 daAuts
    D:10: 407 daAuts
  Temple: 1 daAuts
